 Dungeon Crawl Stone Soup version 0.28.0-1-gb440e238dd (webtiles) character file.

Game seed: 4734318752308514128

0 sanka the Conjurer (level 1, 14/14 HPs)
             Began as a Minotaur Conjurer on Feb 22, 2022.
             Quit the game on level 1 of the Dungeon.
             The game lasted 00:00:13 (59 turns).

sanka the Conjurer (Minotaur Conjurer)                Turns: 59, Time: 00:00:14

Health: 14/14      AC:  2    Str: 11    XL:     1   Next: 8%
Magic:  0/1        EV: 12    Int: 15    God:
Gold:   8          SH:  0    Dex:  8    Spells: 1/2 levels left

rFire   . . .      SeeInvis .   (no weapon)
rCold   . . .      Faith    .   (no shield)
rNeg    . . .      Spirit   .   a - +0 robe
rPois   .          Reflect  .   (helmet restricted)
rElec   .          Harm     .   (no cloak)
rCorr   .          Rampage  .   (no gloves)
Will    .....                   (no boots)
Stlth   +.........              (no amulet)
HPRegen 0.04/turn               (no ring)
MPRegen 0.07/turn               (no ring)

@: no status effects
A: horns 2, retaliatory headbutt
a: no special abilities


You were on level 1 of the Dungeon.
You visited 1 branch of the dungeon, and saw 1 of its levels.

You collected 8 gold pieces.

Inventory:

Armour
 a - a +0 robe (worn)


   Skills:
 - Level 2.1 Dodging
 - Level 1.5 Stealth
 - Level 1.3 Spellcasting
 + Level 3.0 Conjurations


You had one spell level left.
You knew the following spells:

 Your Spells              Type           Power      Damage    Failure   Level
a - Magic Dart            Conj           40%        1d5       7%          1

Your spell library contained the following spells:

 Spells                   Type           Power      Damage    Failure   Level
 Searing Ray              Conj           20%        2d5       11%         2
 Dazzling Flash           Conj/Hex       10%        N/A       36%         3
 Fulminant Prism          Conj/Hex       2%         3d6       77%         4
 Iskenderun's Mystic Bla  Conj/Tloc      5%         2d3       77%         4


Dungeon Overview and Level Annotations

Branches:
Dungeon (1/15)

Altars:


Innate Abilities, Weirdness & Mutations

You have a pair of horns on your head.
You reflexively headbutt those who attack you in melee.


Message History

Welcome, sanka the Minotaur Conjurer.
The heart of this dungeon contains the incredible artefact, the Orb of Zot.
Press ? for a list of commands and other information.
Found a staircase leading out of the dungeon.
Unknown command.
Unknown command.
The swamp drake roars!
The wolf howls!
The komodo dragon hisses angrily.
You now have 8 gold pieces.
A bat comes into view.
The magic dart hits the bat.
The bat is severely wounded.
You are too depleted to draw on your mana recklessly!
You are too depleted to draw on your mana recklessly!
You closely miss the bat.
The bat is severely wounded.
The bat barely misses you. The bat closely misses you.
You barely miss the bat.
The bat is severely wounded.
The bat hits you.
You hit the bat.
You kill the bat!
Your Conjurations skill increases to level 3!
No target in view!
No target in view!
You start resting.
Magic restored.
HP restored.
A hobgoblin comes into view.
The magic dart hits the hobgoblin.
The hobgoblin is severely wounded.
You are too depleted to draw on your mana recklessly!
You are too depleted to draw on your mana recklessly!
Are you sure you want to abandon this character and quit the game? (Confirm with "yes".)

######### #.......#
##...8.8.##
#.........######.###
#........8##....g...
#.#..###..##@#
#.#..#k#...#.#
#.#..#h#..8#.#
#.#..#l#.....#
#.#..#w#..8###
#.#..#s#...#
#<#..###..##
###......8#
#.......#


You could see a hobgoblin.

Vanquished Creatures
  A bat (D:1)
1 creature vanquished.

Notes
Turn   | Place    | Note
-------+----------+-------------------------------------------
     0 | D:1      | sanka the Minotaur Conjurer began the quest for the Orb.
     0 | D:1      | Reached XP level 1. HP: 14/14 MP: 1/1
     6 | D:1      | Noticed a swamp drake
     6 | D:1      | Noticed a wolf
     6 | D:1      | Noticed a komodo dragon
     7 | D:1      | Noticed a redback
    26 | D:1      | Reached skill level 3 in Conjurations
    59 | D:1      | Quit the game

Illustrated notes

Levels and vault maps discovered:
D:1:      onia_arrival_zoo_common, layout_loops_ring,
          dreamdust_ecumenical_altar_sealed_demon, serial_bayou,
          serial_bayou_pond_b, serial_bayou_pond_a, serial_bayou_lagoon_a,
          serial_bayou_lake_a, serial_bayou_pond_e

Skill      XL: |  1 |
---------------+----+-----
Conjurations   | 3 |  3.0
Dodging        | |  2.1
Stealth        | |  1.5
Spellcasting   | |  1.3

Action                   || total
-------------------------++-------
Melee: Unarmed           ||     3
 Cast: Magic Dart        ||     2
Dodge: Dodged            ||     2
